 Dungeon Crawl Stone Soup version 0.24-a0-201-gf205589 (webtiles) character file.

Game seed: 9764613703159180617

67 Ivan the Skirmisher (level 3, 0/31 HPs)
             Began as a Demonspawn Abyssal Knight on Mar 24, 2019.
             Was a Believer of Lugonu.
             Killed from afar by an orc wizard (7 damage)
             ... with a puff of flame
             ... on level 3 of the Dungeon.
             The game lasted 00:04:53 (2357 turns).

Ivan the Skirmisher (Demonspawn Abyssal Knight)     Turns: 2357, Time: 00:04:53

Health: 0/31       AC:  2    Str: 13    XL:     3   Next: 98%
Magic:  4/5        EV: 11    Int: 20    God:    Lugonu [**....]
Gold:   75         SH:  4    Dex: 12    Spells: 2/2 levels left

rFire    . . .     SeeInvis .   a - +1 mace
rCold    . . .     Gourm    .   (no shield)
rNeg     . . .     Faith    .   b - +0 leather armour
rPois    .         Spirit   .   (no helmet)
rElec    .         Reflect  .   (no cloak)
rCorr    .         Harm     .   j - +0 pair of gloves
MR       .....                  (no boots)
Stlth    +.........             (no amulet)
HPRegen  0.10/turn              (no ring)
MPRegen  0.09/turn              (no ring)

@: brilliant
A: large bone plates 1, clever 1, deformed body, robust 1
a: Depart the Abyss, Bend Space, Renounce Religion


You were on level 3 of the Dungeon.
You worshipped Lugonu.
Lugonu was pleased with you.
You were not hungry.

You visited 1 branch of the dungeon, and saw 3 of its levels.
You visited the Abyss 1 time.

You collected 75 gold pieces.

Inventory:

Hand Weapons
 a - a +1 mace (weapon)
Armour
 b - a +0 leather armour (worn)
 j - a +0 pair of gloves (worn)
Scrolls
 d - a scroll of enchant weapon {unknown}
 f - 2 scrolls of identify {unknown}
 g - 2 scrolls of fog {unknown}
 h - a scroll of enchant armour {unknown}
Comestibles
 c - 3 rations


   Skills:
 + Level 3.5 Fighting
 + Level 2.6 Maces & Flails
 + Level 2.3 Armour
 + Level 1.4 Dodging
 + Level 2.7 Invocations


You had 2 spell levels left.
You didn't know any spells.
Your spell library was empty.

Dungeon Overview and Level Annotations

Branches:
Dungeon (3/15)

Altars:
Qazlal


Innate Abilities, Weirdness & Mutations

You are partially covered in large bone plates. (SH +4)
Your mind is acute. (Int +2)
Armour fits poorly on your strangely shaped body.
You are robust. (+10% HP)


Message History

You kill the giant cockroach!
Lugonu accepts your kill.
You hear some strange, mumbled words.
A puff of flame appears from out of thin air!
The puff of flame misses you. The orc misses you. Something hits you.
The orc hits you but does no damage.
Items here: )) †† a +0 club x2; a giant cockroach corpse; a hobgoblin corpse A magic dart appears from out of thin air!
The magic dart hits you.
* * * LOW HITPOINT WARNING * * *
The orc hits you but does no damage. Space bends around you!
You blink.
Found a robe.
Found 19 arrows.
An orc comes into view. It is wielding a +0 trident.
The orc shouts!
A puff of flame appears from out of thin air!
The puff of flame hits you!
You die...

# ... #####.##### #.#
#.o....oo$# #.#
#.#######.# #.## #.#
#)####..o #.# #oo....##
#.# #og(.#... ########.#
#.(#.#..# .......@.#
#..#.....
?.######.#######..###..#
#.[........###..#
#.##.#.###....... #.# #
####...# #.# #...# #o(
#†..# ... #...#
.######...#


You could see 2 orcs.

Vanquished Creatures
  An adder (D:3)
  An ooze (D:1)
  3 leopard geckos
  An orc (D:3)
  2 ball pythons (D:2)
  4 giant cockroaches
  8 hobgoblins
  A quokka (D:2)
  8 bats
  3 frilled lizards
  7 goblins
  5 kobolds
  4 rats
48 creatures vanquished.

Notes
Turn   | Place    | Note
-------+----------+-------------------------------------------
     0 | Abyss:1  | Ivan the Demonspawn Abyssal Knight began the quest for the
                  | Orb.
     0 | Abyss:1  | Reached XP level 1. HP: 18/18 MP: 2/2
    60 | Abyss:1  | Noticed a worldbinder
    61 | D:1      | Escaped the Abyss
   446 | D:1      | Gained mutation: You are partially covered in large bone
                  | plates. (SH +4) [demonic ancestry]
   446 | D:1      | Reached XP level 2. HP: 24/24 MP: 4/4
   458 | D:1      | Reached * piety under Lugonu
   615 | D:1      | Reached skill level 1 in Dodging
  1065 | D:1      | Reached XP level 3. HP: 19/29 MP: 5/5
  2048 | D:2      | Reached ** piety under Lugonu
  2052 | D:2      | Found a stormy altar of Qazlal.
  2342 | D:3      | Gained mutation: Armour fits poorly on your strangely
                  | shaped body. [potion of mutation]
  2342 | D:3      | Gained mutation: Your mind is acute. (Int +2) [potion of
                  | mutation]
  2342 | D:3      | Gained mutation: You are robust. (+10% HP) [potion of
                  | mutation]
  2357 | D:3      | Killed from afar by an orc wizard

Levels and vault maps discovered:
D:1:      wander_arrival_fairy_ring, layout_loops_corners
D:2:      layout_basic, marbit_many_paths
D:3:      layout_loops_cross
Abyss:1:  evilmike_abyss_exit_13

Skill      XL: |  1  2 |
---------------+-------+-----
Armour         | 2 |  2.3
Dodging        | 1 |  1.4
Maces & Flails | 2 |  2.6
Fighting       | |  3.5
Invocations    | |  2.7

Action                   || total
-------------------------++-------
Melee: Mace              ||   176
Invok: Depart the Abyss  ||     1
       Bend Space        ||     1
  Use: Potion            ||     4
  Eat: Chunk             ||     5
Armor: Leather armour    ||    56
Dodge: Dodged            ||   131
Block: Other             ||    36

Table legend:
 A = Non-vault XP
 B = Vault XP
 C = Vault XP percentage of total XP
 D = Non-vault monster count
 E = Vault monster count
 F = Vault count percentage of total count
                 A         B        C        D         E       F
            +---------+---------+-------+---------+---------+-------
      Total |      94 |       2 |   2.1 |      47 |       1 |   2.1
            +---------+---------+-------+---------+---------+-------
        D:1 |      48 |       0 |   0.0 |      28 |       0 |   0.0
        D:2 |      17 |       2 |  10.5 |      10 |       1 |   9.1
        D:3 |      29 |       0 |   0.0 |       9 |       0 |   0.0
            +---------+---------+-------+---------+---------+-------
